Map: Moonlight Madness LE (Void)

Players

wabbajack

  • Race: Zerg Zerg
  • League: Bronze

Destructo - Winner!

  • Race: Protoss Protoss
  • League: Silver

VOD

Have the link to the VOD?

Description

Time

  • Played on: July 16, 2015, 12:41 p.m.
  • Length: 10:19
Show
View Real Time Build Order
Export as new Build Order

wabbajack Zerg 

Build Orders: Hatch First 

Get SALT Encoding   

  12  0:01  Drone  
  13  0:18  Overlord  
  13  0:22  Drone  
  13  0:24  Extractor  
  13  0:26  Extractor  
  13  0:28  Drone  
  13  0:30  Drone  
  16  0:41  Drone  
  17  0:53  Extractor  
  16  1:00  Hatchery  
  15  1:05  Drone x2  
  17  1:20  Spawning Pool  
  16  1:27  Drone x2  
  18  1:34  Drone  
  19  1:45  Overlord  
  19  2:07  Metabolic Boost  
  19  2:08  Queen  
  21  2:12  Queen  
  21  2:14  Drone x2  
  25  2:17  Drone  
  26  2:23  Drone x2  
  28  2:40  Zergling x2  
  28  2:41  Zergling x4  
  31  2:50  Overlord  
  31  2:54  Zergling x2  
  31  2:56  Zergling x2  
  33  3:05  Roach Warren  
  32  3:07  Zergling x4  
  32  3:10  Zergling x2  
  35  3:20  Overlord  
  35  3:53  Roach x3  
  35  3:54  Roach  
  43  4:02  Overlord  
  43  4:05  Roach  
  43  4:06  Roach x3  
  51  4:12  Overlord  
  51  4:31  Roach x5  
  53  4:32  Roach  
  63  4:47  Overlord  
  49  5:28  Pneumatized Carapace  
  46  5:42  Hatchery  
  46  5:43  Drone  
  46  5:44  Drone x12  
  46  5:46  Hatchery, Lair  
  57  6:26  Extractor  
  56  6:33  Drone  
  56  6:36  Drone x3  
  56  6:37  Drone  
  56  6:39  Extractor  
  60  6:40  Drone, Extractor  
  60  6:41  Drone x2  
  60  6:42  Overlord  
  60  6:43  Overlord x3  
  62  6:52  Hydralisk Den  
  61  6:55  Evolution Chamber, Queen  
  61  6:56  Evolution Chamber  
  61  7:08  Drone x5  
  64  7:14  Drone x5  
  64  7:15  Drone x4  
  75  7:23  Muscular Augments  
  75  7:25  Zerg Ground Armor Level 1  
  75  7:34  Zerg Missile Weapons Level 1  
  75  7:38  Extractor  
  75  7:39  Extractor  
  75  7:43  Drone x3  
  76  7:44  Drone x2  
  76  7:45  Drone  
  76  7:47  Glial Reconstitution  
  76  7:50  Roach x5  
  89  7:59  Overseer  
  89  8:10  Zergling x8  
  89  8:11  Zergling x6  
  96  8:17  Queen  
  92  8:49  Spore Crawler  
  92  8:50  Spore Crawler, Spine Crawler  
  92  8:51  Spine Crawler  
  92  8:54  Spine Crawler  
  87  8:57  Drone x3  
  90  9:06  Drone  
  90  9:07  Drone x3  
  90  9:08  Drone, Overlord  
  90  9:09  Overlord x7  
  95  9:17  Infestation Pit  
  95  9:21  Drone x3  
  97  9:25  Drone x2  
  97  9:26  Drone  
  100  9:49  Spore Crawler  
  100  9:50  Drone x3, Spine Crawler  
  100  9:51  Spine Crawler  
Show
View Real Time Build Order
Export as new Build Order

Destructo Protoss - Winner!

Build Orders:  

Get SALT Encoding   

  12  0:01  Probe  
  13  0:14  Pylon  
  13  0:17  Probe  
  14  0:33  Gateway  
  14  0:41  Pylon  
  15  0:42  Probe (Chrono Boost)  
  15  0:53  Probe (Chrono Boost)  
  16  0:59  Probe, Assimilator  
  17  1:09  Forge  
  17  1:20  Cybernetics Core  
  17  1:29  Probe (Chrono Boost), Assimilator  
  18  1:39  Probe (Chrono Boost)  
  19  1:46  Photon Cannon  
  19  1:52  Zealot (Chrono Boost)  
  21  1:57  Warp Gate (Chrono Boost)  
  21  2:02  Probe  
  22  2:14  Probe  
  23  2:19  Pylon  
  23  2:39  Nexus  
  23  2:44  Mothership Core (Chrono Boost)  
  25  3:00  Probe (Chrono Boost)  
  25  3:04  Robotics Facility  
  26  3:08  Probe (Chrono Boost)  
  27  3:16  Gateway  
  27  3:17  Probe  
  28  3:34  Probe  
  29  3:38  Pylon  
  29  3:52  Observer (Chrono Boost)  
  30  3:57  Gateway  
  30  3:59  Gateway  
  30  4:07  Immortal (Chrono Boost)  
  35  4:10  Probe x2  
  36  4:22  Probe x2  
  38  4:24  Stalker  
  38  4:31  Stalker  
  42  4:45  Warp Prism (Chrono Boost)  
  42  4:48  Pylon  
  44  4:55  Stalker  
  46  5:12  Photon Cannon  
  46  5:15  Photon Cannon  
  46  5:16  Stalker  
  47  5:30  Photon Cannon  
  47  5:35  Probe x2 (Chrono Boost)  
  49  5:38  Stalker  
  51  5:45  Probe x2 (Chrono Boost)  
  53  5:52  Stalker x2  
  57  5:59  Protoss Ground Weapons Level 1 (Chrono Boost)  
  57  6:05  Probe x2  
  57  6:09  Twilight Council  
  59  6:17  Stalker x2, Probe  
  64  6:23  Probe (Chrono Boost)  
  65  6:30  Assimilator  
  66  6:34  Assimilator  
  66  6:35  Probe (Chrono Boost)  
  66  6:36  Probe (Chrono Boost)  
  67  6:43  Probe (Chrono Boost)  
  68  6:48  Blink (Chrono Boost)  
  68  6:50  Pylon  
  68  6:53  Pylon  
  68  6:55  Templar Archives  
  68  7:08  Probe (Chrono Boost), Immortal  
  68  7:11  Probe (Chrono Boost)  
  68  7:13  Pylon  
  74  7:20  Sentry, Probe (Chrono Boost)  
  78  7:23  Sentry, Probe (Chrono Boost)  
  78  7:28  Probe (Chrono Boost)  
  78  7:29  Probe (Chrono Boost)  
  82  7:34  Zealot x2  
  86  7:41  Gateway  
  86  7:45  Gateway  
  86  7:51  Protoss Ground Armor Level 1 (Chrono Boost)  
  86  7:52  Zealot x2  
  90  8:00  Psionic Storm  
  90  8:08  Stalker  
  92  8:14  Pylon  
  92  8:15  Pylon  
  92  8:16  Pylon  
  92  8:18  Pylon  
  84  8:46  High Templar x3  
  90  8:49  Stalker x2  
  90  8:51  Zealot  
  96  9:01  Gateway  
  96  9:04  Gateway  
  96  9:20  Stalker x5  
  96  9:21  Stalker  
  108  9:43  Pylon  
  108  9:44  Zealot x5  
Tags
 
Add a new tag
Caveats
  • Supply blocks, unpowered buildings, or Contaminate may cause inaccurate times.
  • Supply counts are checked every 10 seconds.